AoeStats
← Geryon

Arabia

506159074Analyzed
1v1 RM · 19d ago on Sep 12, 2026· 21m 44s· 2 players
Game mode
Random Map
Map size
Tiny (2 player)
Population
200
Speed
Normal
Resources
Standard
Victory
Conquest
Starting age
Dark Age
Ending age
Imperial Age
RankedLock teamsTeams togetherTeam positionsShared explorationLock speedFull tech treeHidden civsTurbo modeCheats
Victory
Defeat
🇦🇷 Goths · Argentina
1194
+17
🇨🇦 Tatars · Canada
1213
-17
Philip Morris
0:26 Loom
13:38 Feudal Age
14:44 Man-at-Arms
16:51 Double-Bit Axe
21:36 Castle Age
19:47 Fletching
20:42 Scale Mail Armor
21:15 Gold Mining
21:39 Forging
21:39 Horse Collar
21:42 Elite Skirmisher
Geryon
6:48 Loom
9:30 Feudal Age
11:34 Double-Bit Axe
13:49 Town Watch
21:13 Padded Archer Armor
Connection lost

Rejoining the realm…

Still unreachable

The connection could not be restored.

Session expired

The server has moved on; the page needs a fresh start.